 Dungeon Crawl Stone Soup version 0.20-a0-540-ge6d1839 (webtiles) character file.

20640 Devintownsend the Severer (level 12, -14/111 HPs)
             Began as a Minotaur Fighter on Jan 29, 2017.
             Was the Champion of Okawaru.
             Demolished by Rupert
             ... wielding a +0 battleaxe of venom
              (27 damage)
             ... on level 4 of the Lair of Beasts.
             The game lasted 01:01:40 (13673 turns).

Devintownsend the Severer (Minotaur Fighter)       Turns: 13673, Time: 01:01:40

Health: -14/111    AC: 25    Str: 30    XL:     12   Next: 47%
Magic:  11/11      EV:  6    Int:  5    God:    Okawaru [******]
Gold:   789        SH:  0    Dex: 16    Spells: 11/11 levels left

rFire    . . .     SeeInvis .   a - +1 war axe
rCold    . . .     Gourm    .   S - +0 plate armour
rNeg     . . .     Faith    .   B - +1 shield {AC+3}
rPois    .         Spirit   .   p - +2 hat
rElec    .         Reflect  +   W - +0 cloak
rCorr    +         Harm     .   (no gloves)
MR       .....                  P - +1 pair of boots
Stlth    ..........             U - +2 amulet of reflection
Regen    0.3/turn               I - ring of resist corrosion
                                y - +5 ring of dexterity

@: confused, mighty, lethally poisoned (-14 -> -34)
A: retaliatory headbutt, horns 2
a: Heroism, Finesse, Renounce Religion


You were on level 4 of the Lair of Beasts.
You worshipped Okawaru.
Okawaru was exalted by your worship.
You were not hungry.

You visited 3 branches of the dungeon, and saw 17 of its levels.

You collected 789 gold pieces.

Inventory:

Hand Weapons
 a - a +1 war axe (weapon)
 C - a +0 flail
 J - a +1 lajatang of speed
Armour
 c - a +0 shield
 p - a +2 hat (worn)
 B - a +1 shield of protection (worn)
 P - a +1 pair of boots (worn)
 S - a +0 plate armour (worn)
 W - a +0 cloak (worn)
Jewellery
 s - an uncursed ring of see invisible
 u - an uncursed ring of ice
 y - a +5 ring of dexterity (left hand)
 E - an uncursed ring of ice
 I - a ring of resist corrosion (right hand)
 U - a +2 amulet of reflection (around neck)
Wands
 b - a wand of disintegration (9/24)
 o - a wand of polymorph (0/24)
 x - a wand of random effects (33/48)
 z - a wand of disintegration (1/24)
 H - a wand of polymorph (4/24)
 M - a wand of iceblast (6/15)
 X - a wand of digging (16/24)
 Z - a wand of polymorph (18/24)
Scrolls
 e - 12 scrolls of identify
 i - a scroll of teleportation
 k - a scroll of magic mapping
 n - 8 scrolls of remove curse
 r - a scroll of enchant armour
 v - 3 scrolls of immolation
 G - 2 scrolls of fog
 L - a scroll of blinking
Potions
 g - a potion of cure mutation
 h - 2 potions of resistance
 l - 3 potions of haste
 q - 4 potions of degeneration {unknown}
 t - a potion of lignification {unknown}
 A - 6 potions of curing {unknown}
 D - 4 potions of brilliance {unknown}
 F - a potion of beneficial mutation {unknown}
Books
 w - a book of Misfortune

   Spells                             Type                      Level
   a - Confusing Touch                Hexes                        1
   b - Confuse                        Hexes                        3
   c - Gell's Gravitas                Hexes/Translocation          3
   d - Petrify                        Transmutation/Earth          4
   e - Metabolic Englaciation         Hexes/Ice                    5
   f - Yara's Violent Unravelling     Hexes/Transmutation          5
 T - a book of Misfortune

   Spells                             Type                      Level
   a - Confusing Touch                Hexes                        1
   b - Confuse                        Hexes                        3
   c - Gell's Gravitas                Hexes/Translocation          3
   d - Petrify                        Transmutation/Earth          4
   e - Metabolic Englaciation         Hexes/Ice                    5
   f - Yara's Violent Unravelling     Hexes/Transmutation          5
Miscellaneous
 O - a phantom mirror
 R - a lightning rod (4/4)
Comestibles
 f - 11 bread rations
 m - 5 meat rations
 K - 8 fruits
 N - 5 royal jellies


   Skills:
 + Level 11.7 Fighting
 + Level 16.3(16.4) Axes
 - Level 3.4(11.5) Maces & Flails
 + Level 13.3 Armour
 - Level 4.5 Shields
 + Level 0.9 Unarmed Combat
 + Level 0.6 Evocations


You had 11 spell levels left.
You didn't know any spells.

Dungeon Overview and Level Annotations

Branches:
Dungeon (12/15)            Temple (1/1) D:6            Lair (4/6) D:8
 Shoals (0/4) Lair:2          Orc (0/2) D:10
  Snake: Lair:2-4    Spider: Lair:2-4

Altars:
Ashenzari
Cheibriados
Dithmenos
Elyvilon
Fedhas
Gozag
Hepliaklqana
Kikubaaqudgha
Makhleb
Nemelex Xobeh
Okawaru
Qazlal
Ru
Sif Muna
Trog
Uskayaw
Vehumet
Xom
Yredelemnul
Zin
The Shining One

Annotations:
Lair:4 Rupert


Innate Abilities, Weirdness & Mutations

You reflexively headbutt those who attack you in melee.
You have a pair of horns on your head.


Message History

Rupert hits you with a battleaxe of venom.
* * * LOW HITPOINT WARNING * * *
You are more poisoned.
You hit Rupert.
Rupert is moderately wounded.
You feel sick.
Rupert hits you with a battleaxe of venom!
* * * LOW HITPOINT WARNING * * *
You are more poisoned.
You're too confused!
You're too confused!
You're too confused to move!
* * * LOW HITPOINT WARNING * * *
You feel sick. Rupert barely misses you.
A porcupine comes into view.
You bump into the rock wall.
* * * LOW HITPOINT WARNING * * *
You feel sick.
Rupert hits you with a battleaxe of venom!!
You die...

................... ........#.
..#.##.##.......... ##........
....#####P......... ....#..#..
##..### #....#####. #P........
#....####...# # #......
###..P###..## #.#...<.S
###......#.## ##### #.......F
#....>#.....# ##...P#....#.....#
#..........####@....... #.<....
##......#.....#@#.............F..
.................................
.#.P#.####........######.#.......
####### #.#.....## ###.......
###......# ##P..... #...##.#
###.... ##.r...# ..... ....#.>..


You could see Rupert (berserk) and a porcupine.

Vanquished Creatures
  Fannar (Lair:2)
  4 hydras
  A centaur warrior (D:10)
  2 two-headed ogres
  The ghost of Geoffrax the Martial Artist, a novice OpGl of Gozag (D:8)
  2 ugly things (D:11)
  A centaur zombie (D:10)
  Joseph (D:8)
  A gargoyle (D:11)
  6 spiny frogs
  3 komodo dragons
  A troll (D:10)
  4 hippogriffs
  A snapping turtle (Lair:2)
  Grinder (D:5)
  Sigmund (D:3)
  19 yaks
  3 hungry ghosts
  2 water moccasins
  6 porcupines
  Duvessa (D:5)
  A sky beast (D:7)
  7 orc warriors
  4 ice beasts
  3 phantoms
  3 ogres
  A centaur (D:10)
  10 crocodiles
  9 bullfrogs
  A big kobold (D:7)
  Dowan (D:5)
  3 scorpions
  7 killer bees
  An electric eel (Lair:2)
  4 crimson imps
  A jelly (D:7)
  10 orc wizards
  7 orc priests
  6 hounds
  4 bullfrog skeletons
  Jessica (D:3)
  5 iguanas
  Terence (D:3)
  9 worker ants
  2 hound zombies
  A hound skeleton (D:4)
  A worker ant zombie (D:8)
  4 gnolls (D:5)
  A howler monkey skeleton (D:4)
  9 adders
  3 shadow imps
  A white imp (D:12)
  2 worms (D:2)
  3 leopard geckos
  38 orcs
  4 giant cockroaches
  A goblin (D:1)
  8 hobgoblins
  5 jackals
  2 quokkas
  A ball python (D:1)
  4 bats
  A frilled lizard (D:1)
  10 kobolds
  A quokka zombie (D:6)
  7 rats
270 creatures vanquished.

Vanquished Creatures (others)
  A fungus (Lair:3)
  8 plants (Lair:2)
9 creatures vanquished.

Grand Total: 279 creatures vanquished

Notes
Turn   | Place    | Note
-------+----------+-------------------------------------------
     0 | D:1      | Devintownsend the Minotaur Fighter began the quest for the Orb.
     0 | D:1      | Reached XP level 1. HP: 19/19 MP: 0/0
   435 | D:1      | Reached XP level 2. HP: 26/27 MP: 1/1
   865 | D:2      | Reached XP level 3. HP: 32/33 MP: 2/2
   981 | D:2      | You fall through a shaft!
  1058 | D:3      | Noticed Sigmund
  1089 | D:3      | Killed Sigmund
  1089 | D:3      | Reached skill level 5 in Fighting
  1089 | D:3      | Reached skill level 4 in Axes
  1089 | D:3      | Reached XP level 4. HP: 40/42 MP: 3/3
  1089 | D:3      | Reached XP level 5. HP: 45/48 MP: 4/4
  1111 | D:3      | Noticed Terence
  1129 | D:3      | Killed Terence
  1321 | D:3      | Noticed Jessica
  1331 | D:3      | Killed Jessica
  1511 | D:3      | Reached skill level 5 in Armour
  2066 | D:3      | Reached XP level 6. HP: 53/56 MP: 5/5
  2069 | D:3      | Reached skill level 5 in Axes
  2194 | D:4      | Found a blossoming altar of Fedhas.
  2684 | D:4      | Reached skill level 6 in Axes
  3122 | D:5      | Entered Level 5 of the Dungeon
  3331 | D:5      | Reached XP level 7. HP: 51/61 MP: 6/6
  3394 | D:5      | Noticed Grinder
  3409 | D:5      | Paralysed by Grinder for 7 turns
  3423 | D:5      | Paralysed by Grinder for 7 turns
  3435 | D:5      | Killed Grinder
  3435 | D:5      | Reached skill level 7 in Axes
  3538 | D:5      | Noticed Dowan
  3541 | D:5      | Noticed Duvessa
  3549 | D:5      | Killed Duvessa
  3553 | D:5      | Killed Dowan
  3605 | D:5      | Reached skill level 8 in Axes
  3605 | D:5      | Reached XP level 8. HP: 41/70 MP: 7/7
  4014 | D:6      | Reached skill level 9 in Axes
  4024 | D:6      | Found a staircase to the Ecumenical Temple.
  4035 | Temple   | Entered the Ecumenical Temple
  4142 | Temple   | Became a worshipper of Warmaster Okawaru
  4617 | D:7      | Reached skill level 10 in Axes
  4634 | D:7      | Found a stormy altar of Qazlal.
  4675 | D:7      | Reached * piety under Okawaru
  4738 | D:7      | Reached XP level 9. HP: 33/79 MP: 8/8
  5130 | D:7      | Reached skill level 11 in Axes
  5146 | D:7      | Got a steaming robe
  5356 | D:8      | Reached ** piety under Okawaru
  5371 | D:8      | Reached skill level 12 in Axes
  5400 | D:8      | Noticed Geoffrax's ghost (novice OpGl)
  6029 | D:9      | Found a shimmering altar of Xom.
  6076 | D:9      | Found a hazy altar of Hepliaklqana.
  6244 | D:9      | Reached *** piety under Okawaru
  6248 | D:9      | Reached XP level 10. HP: 67/90 MP: 9/9
  6423 | D:10     | Entered Level 10 of the Dungeon
  6923 | D:10     | Reached skill level 13 in Axes
  7076 | D:10     | Noticed a centaur warrior
  7082 | D:10     | Killed a centaur warrior
  7082 | D:10     | Reached **** piety under Okawaru
  7166 | D:10     | Reached skill level 10 in Armour
  7480 | D:10     | Found a staircase to the Orcish Mines.
  7569 | D:10     | Reached skill level 14 in Axes
  7858 | D:11     | Noticed a red ugly thing
  7868 | D:11     | Killed a red ugly thing
  7881 | D:11     | Noticed a red ugly thing
  7890 | D:11     | Killed a red ugly thing
  7890 | D:11     | Reached ***** piety under Okawaru
  8009 | D:11     | Noticed a gargoyle
  8022 | D:11     | Killed a gargoyle
  8022 | D:11     | Reached XP level 11. HP: 62/99 MP: 10/10
  8103 | D:11     | Noticed a two-headed ogre
  8122 | D:11     | Killed a two-headed ogre
  8665 | D:11     | Reached skill level 10 in Fighting
  8745 | D:12     | Noticed a two-headed ogre
  8758 | D:12     | Killed a two-headed ogre
  8889 | D:10     | Received a gift from Okawaru
  8905 | D:10     | Reached skill level 15 in Axes
  9258 | D:8      | Killed Geoffrax's ghost
  9266 | D:8      | Found a staircase to the Lair.
  9328 | D:8      | Reached ****** piety under Okawaru
  9609 | D:8      | Noticed Joseph
  9621 | D:8      | Killed Joseph
  9668 | Lair:1   | Entered Level 1 of the Lair of Beasts
  9689 | Lair:1   | Received a gift from Okawaru
 10422 | Lair:1   | Identified the +0 robe of the Dwarven Hall {-Tele rN+++ rCorr} (You found it on level 7 of the Dungeon)
 10460 | Lair:1   | Gained mutation: You are partially covered in iridescent scales. (AC +2) [potion of mutation]
 10460 | Lair:1   | Gained mutation: You are occasionally teleported next to monsters. [potion of mutation]
 10461 | Lair:1   | Lost mutation: You are partially covered in iridescent scales. (AC +2) [potion of cure mutation]
 10461 | Lair:1   | Lost mutation: You are occasionally teleported next to monsters. [potion of cure mutation]
 10514 | Lair:2   | Noticed a seven-headed hydra
 11311 | Lair:3   | Noticed an eight-headed hydra
 11320 | Lair:3   | Killed an eight-headed hydra
 11320 | Lair:3   | Reached skill level 16 in Axes
 11460 | Lair:2   | Killed a seven-headed hydra
 11460 | Lair:2   | Reached skill level 1 in Maces & Flails
 11460 | Lair:2   | Reached XP level 12. HP: 42/110 MP: 11/11
 11526 | Lair:2   | Noticed Fannar
 11739 | Lair:2   | Killed Fannar
 11757 | Lair:2   | Noticed a seven-headed hydra
 11765 | Lair:2   | Killed a seven-headed hydra
 12319 | Lair:2   | Received a gift from Okawaru
 12324 | Lair:2   | Found a staircase to the Shoals.
 13158 | Lair:4   | Noticed a seven-headed hydra
 13179 | Lair:4   | Killed a seven-headed hydra
 13645 | Lair:4   | Noticed Rupert
 13673 | Lair:4   | Demolished by Rupert

Vault maps used:
D:1:      onia_arrival_pyramid
D:2:      first_bread
D:3:      uniq_jessica, uniq_sigmund, uniq_terence
D:4:      fedhas_altar_2, kennysheep_generic_room_13
D:5:      uniq_grinder, uniq_duvessa
D:6:      minmay_temple_entry_statues_pillars
D:7:      grunt_qazlal_sundering
D:8:      minmay_lair_entry_grove, uniq_joseph
D:9:      old_standard_altar, basic_altar
D:10:     erik_orc_2
D:12:     serial_ice, serial_ice_f, serial_ice_m, serial_ice_i, serial_ice_n,
          serial_ice_g, serial_ice_c, serial_ice_e, serial_ice_a,
          portal_ice_cave_rime, hangedman_ranch, kennysheep_generic_room_3,
          uniq_frances
Temple:   dpeg_five_rooms_temple
Lair:1:   fungi_pond_lemuel
Lair:2:   minmay_shoals_entry_hut, serial_bayou_lake_a, uniq_fannar
Lair:3:   lemuel_fruit_tree, serial_bayou_shore_b
Lair:4:   guppyfry_snake_entry_island, basic_altar, minivault_26,
          kennysheep_abandoned_house, uniq_rupert

Skill      XL: |  1  2  3  4  5  6  7  8  9 10 11 12 |
---------------+-------------------------------------+-----
Armour         | 4 5 6 7 9 10 12 13 | 13.3
Fighting       | 4 5 6 7 8 9 11 | 11.7
Axes           | 4 6 8 10 12 14 16 | 16.3
Shields        | 4 |  4.5
Maces & Flails | 1 3 |  3.4
Unarmed Combat | |  0.9
Evocations     | |  0.6

Action                   |  1- 3 |  4- 6 |  7- 9 | 10-12 || total
-------------------------+-------+-------+-------+-------++-------
Melee: War axe           |    45 |   124 |   260 |   526 ||   955
       Headbutt          |     6 |    17 |    60 |   182 ||   265
       Unarmed           |     4 |       |       |       ||     4
       Flail             |       |       |       |    45 ||    45
Evoke: Wand              |       |       |       |     7 ||     7
  Use: Scroll            |       |       |       |    17 ||    17
       Potion            |       |       |       |    11 ||    11
  Eat: Chunk             |       |     7 |    13 |    16 ||    36
       Bread ration      |       |       |       |     1 ||     1
       Meat ration       |       |       |       |     1 ||     1
Armor: Scale mail        |    26 |    57 |   105 |     1 ||   189
       Plate armour      |       |       |       |   385 ||   385
Dodge: Dodged            |    22 |    30 |    64 |    89 ||   205
Block: Shield            |    19 |    57 |   134 |   295 ||   505
